 Dungeon Crawl Stone Soup version 0.22.1-1-ga44c0e5 (webtiles) character file.

9356 Folque the Quickloader (level 11, -4/60 HPs)
             Began as a Kobold Hunter on Sept 27, 2018.
             Was an Elder of Zin.
             Slain by a yak (13 damage)
             ... on level 1 of the Lair of Beasts.
             The game lasted 01:03:21 (11103 turns).

Folque the Quickloader (Kobold Hunter)             Turns: 11103, Time: 01:03:22

Health: -4/60      AC:  6    Str: 15    XL:     11   Next: 72%
Magic:  18/18      EV: 21    Int: 17    God:    Zin [****..]
Gold:   265        SH:  0    Dex: 21    Spells: 10/10 levels left

rFire    . . .     SeeInvis +   e - +4 short sword of Woisilef {freeze, rElec SInv}
rCold    . . .     Gourm    .   (shield restricted)
rNeg     . . .     Faith    .   c - +0 leather armour
rPois    ∞         Spirit   .   (no helmet)
rElec    +         Reflect  .   n - scarf {repulsion}
rCorr    .         Harm     .   t - +1 pair of gloves
MR       .....                  l - +0 pair of boots
Stlth    ++++......             m - amulet of regeneration
HPRegen  0.60/turn              (no ring)
MPRegen  0.16/turn              (no ring)

@: vitalised, about to teleport, repel missiles
A: small, carnivore
a: Recite, Vitalisation, Imprison, Donate Gold, Renounce Religion


You were on level 1 of the Lair of Beasts.
You worshipped Zin.
Zin was greatly pleased with you.
You were very full.

You visited 3 branches of the dungeon, and saw 13 of its levels.

You collected 775 gold pieces.
You spent 216 gold pieces at shops.
You donated 294 gold pieces to Zin.

Inventory:

Hand Weapons
 e - the +4 short sword of Woisilef (weapon) {freeze, rElec SInv}
   (You bought it in a shop on level 9 of the Dungeon)

   It has been specially enchanted to freeze those struck by it, causing extra
   injury to most foes and up to half again as much damage against particularly
   susceptible opponents.
   It can also slow down cold-blooded creatures.
   It insulates you from electricity.
   It lets you see invisible.
 k - a +1 dagger of holy wrath
 p - a +0 spear
 w - a +3 hand crossbow
 K - the +9 war axe of Radicalism {chaos, rPois Str+3 Int+6, unknown}
   (You found it on level 9 of the Dungeon)

   Each time it hits an enemy it has a different, random effect.
   It affects your strength (+3).
   It affects your intelligence (+6).
   It protects you from poison.
   Zin disapproves of the use of such an item.
 Q - a +1 short sword
 U - a +0 long sword of holy wrath
Missiles
 d - 9 bolts
 j - 3 needles of frenzy
 O - 19 poisoned needles
Armour
 c - a +0 leather armour (worn)
 h - a cursed +0 leather armour
 l - a +0 pair of boots (worn)
 n - a scarf of repulsion (worn)
 s - a +0 robe of cold resistance
 t - a +1 pair of gloves (worn)
 C - a +0 cloak
 V - a +0 troll leather armour
Jewellery
 a - an uncursed ring of positive energy {unknown}
 g - an uncursed ring of protection from fire {unknown}
 m - an amulet of regeneration (around neck)
 r - an uncursed amulet of guardian spirit {unknown}
 D - a +4 ring of dexterity {unknown}
 N - an uncursed ring of wizardry {unknown}
Wands
 i - a wand of iceblast (10)
 G - a wand of acid (10)
 R - a wand of flame (19)
Scrolls
 b - 7 scrolls of remove curse
 y - 2 scrolls of enchant armour
 A - 2 scrolls of immolation
 F - 6 scrolls of teleportation
 I - 2 scrolls of enchant weapon
 M - a scroll of amnesia
 P - a scroll of magic mapping
 T - a scroll of vulnerability {unknown}
 W - a scroll of fog
Potions
 o - a potion of degeneration {unknown}
 q - 2 potions of might
 u - a potion of resistance {unknown}
 v - 2 potions of flight {unknown}
 x - 2 potions of brilliance
 z - a potion of magic {unknown}
 B - 2 potions of lignification {unknown}
 H - 2 potions of curing
 J - a potion of mutation {unknown}
 L - 2 potions of agility {unknown}
 S - a potion of heal wounds {unknown}
Miscellaneous
 E - a lamp of fire
Comestibles
 f - 13 rations


   Skills:
 * Level 3.3 Fighting
 + Level 11.0 Short Blades
 - Level 11.0 Crossbows
 - Level 2.0 Armour
 * Level 7.5 Dodging
 - Level 7.2 Stealth
 - Level 10.5 Invocations


You had 10 spell levels left.
You didn't know any spells.
Your spell library contained the following spells:

 Spells                   Type           Power        Failure   Level  Hunger
 Corona                   Hex            #......      28%         1    ##.....
 Summon Small Mammal      Summ           #...         28%         1    ##.....
 Call Imp                 Summ           #.......     41%         2    ###....
 Ensorcelled Hibernation  Hex/Ice        #.....       41%         2    ###....
 Call Canine Familiar     Summ           #.......     65%         3    ####...
 Confuse                  Hex            #.......     65%         3    ####...
 Dazzling Spray           Conj/Hex       #.....       65%         3    ####...
 Summon Guardian Golem    Hex/Summ       #.......     65%         3    ####...
 Tukima's Dance           Hex            #.......     65%         3    ####...
 Summon Ice Beast         Ice/Summ       #.......     96%         4    #####..
 Summon Lightning Spire   Summ/Air       #.......     96%         4    #####..


Dungeon Overview and Level Annotations

Branches:
Dungeon (11/15)            Temple (1/1) D:7            Lair (1/6) D:10
    Orc: D:9-12

Altars:
Ashenzari
Cheibriados
Dithmenos
Elyvilon
Fedhas
Gozag
Hepliaklqana
Kikubaaqudgha
Makhleb
Nemelex Xobeh
Okawaru
Qazlal
Ru
Sif Muna
Trog
Uskayaw
Vehumet
Wu Jian
Xom
Yredelemnul
Zin
The Shining One

Shops:
D:9 (

Annotations:
D:5 4 runed doors
D:8 1 runed door, Curus's ghost, novice MiFi
D:11 Josephine


Innate Abilities, Weirdness & Mutations

You are small and have problems with some larger weapons.
You are carnivorous and can eat meat at any time.


Message History

The yak is severely wounded.
The yak closely misses you.
You barely miss the yak.
The yak is severely wounded.
You completely miss the yak.
The yak is severely wounded.
The yak gores you.
You completely miss the yak.
The yak is severely wounded.
You hit the yak but do no damage.
The yak is severely wounded.
The yak closely misses you.
You hit the yak but do no damage.
The yak is severely wounded.
The yak gores you!
* * * LOW HITPOINT WARNING * * *
Okay, then.
As you read the scroll of teleportation, it crumbles to dust.
You feel strangely unstable. The yak gores you!
You die...

#.#................
. #.........#.###.#
#..............##
######..##.#.#..#...
##..........#..
######.####...
#..........
#.#....##.. #
#.#@#### .##
##.#Y##.###...#
####..#Y.(†..(((#
#..)..#.#####..(((((
#.#####.........###(
#.## #.#..#.#.##
#.P# #.#### ..
#.#####(# ...
#..#.##.# ...


You could see 2 yaks.

Vanquished Creatures
  A hydra (Lair:1)
  A gargoyle (D:10)
  A rime drake (Lair:1)
  2 trolls (D:10)
  A hornet (D:10)
  Prince Ribbit (D:7)
  Sigmund (D:5)
  12 yaks
  A steam dragon (D:5)
  Menkaure (D:5)
  2 wargs (D:10)
  A water moccasin (Lair:1)
  A porcupine (Lair:1)
  A black bear (D:6)
  3 orc warriors
  4 sky beasts
  2 ice beasts
  5 ogres
  2 phantoms
  2 centaurs
  A big kobold (D:10)
  A crocodile (Lair:1)
  8 bullfrogs
  4 scorpions
  4 killer bees (D:9)
  10 wights
  2 howler monkeys
  An electric eel (D:8)
  A crimson imp (D:7)
  A bullfrog zombie (D:9)
  A hound (D:7)
  2 jellies
  2 bullfrog skeletons
  2 centaur zombies
  9 orc priests
  6 iguanas
  Crazy Yiuf (D:5)
  4 orc wizards
  11 worker ants
  A hound skeleton (D:5)
  A worker ant zombie (D:5)
  6 adders
  7 gnolls
  2 shadow imps
  An ooze (D:2)
  An adder zombie (D:6)
  An adder skeleton (D:4)
  2 worms (D:2)
  3 dart slugs
  7 leopard geckos
  36 orcs
  6 bats
  7 giant cockroaches
  5 hobgoblins
  2 jackals (D:3)
  4 quokkas
  5 frilled lizards
  3 goblins (D:1)
  12 kobolds
  3 rats (D:1)
  A plant (D:10)
232 creatures vanquished.

Vanquished Creatures (others)
  2 plants (D:10)
2 creatures vanquished.

Grand Total: 234 creatures vanquished

Notes
Turn   | Place    | Note
-------+----------+-------------------------------------------
     0 | D:1      | Folque the Kobold Hunter began the quest for the Orb.
     0 | D:1      | Reached XP level 1. HP: 12/12 MP: 1/1
   116 | D:1      | Reached skill level 5 in Crossbows
   116 | D:1      | Reached XP level 2. HP: 13/18 MP: 2/2
   454 | D:1      | You fall through a shaft!
   477 | D:2      | Reached XP level 3. HP: 18/23 MP: 3/3
   753 | D:2      | Found an opulent altar of Gozag.
   753 | D:2      | Found a glowing silver altar of Zin.
   790 | D:2      | Became a worshipper of Zin the Law-Giver
   791 | D:2      | Donated 31 gold pieces to Zin
  1124 | D:2      | Found a stormy altar of Qazlal.
  1125 | D:2      | Noticed an air elemental
  1127 | D:2      | Noticed a water elemental
  1127 | D:2      | Noticed an earth elemental
  1127 | D:2      | Noticed a fire elemental
  1261 | D:1      | Reached * piety under Zin
  1525 | D:1      | Reached XP level 4. HP: 26/28 MP: 4/4
  2026 | D:3      | Found an ornate altar of the Wu Jian Council.
  2101 | D:3      | Reached skill level 1 in Armour
  2101 | D:3      | Reached skill level 1 in Invocations
  2101 | D:3      | Reached XP level 5. HP: 18/32 MP: 5/5
  2120 | D:3      | Reached ** piety under Zin
  2399 | D:4      | Reached skill level 1 in Short Blades
  2771 | D:4      | Reached XP level 6. HP: 25/37 MP: 7/7
  2872 | D:4      | Noticed an ogre
  2913 | D:4      | Killed an ogre
  2974 | D:4      | Found a shimmering altar of Xom.
  3202 | D:4      | Reached XP level 7. HP: 41/41 MP: 9/9
  3701 | D:5      | Entered Level 5 of the Dungeon
  3701 | D:5      | Found a large runed door.
  3701 | D:5      | Found a large runed door.
  3742 | D:5      | Found a large runed door.
  3742 | D:5      | Found a large runed door.
  4151 | D:5      | Reached skill level 5 in Dodging
  4154 | D:5      | Noticed Menkaure
  4161 | D:5      | Killed Menkaure
  4161 | D:5      | Reached XP level 8. HP: 39/46 MP: 8/11
  4164 | D:5      | Reached *** piety under Zin
  4562 | D:5      | Reached skill level 5 in Invocations
  4563 | D:5      | Noticed Sigmund
  4579 | D:5      | Killed Sigmund
  4755 | D:5      | Found a runed door.
  4828 | D:5      | Found a hazy altar of Hepliaklqana.
  4898 | D:5      | Noticed Crazy Yiuf
  4914 | D:5      | Killed Crazy Yiuf
  5301 | D:5      | Reached skill level 5 in Stealth
  5696 | D:5      | Reached XP level 9. HP: 13/50 MP: 13/13
  5980 | D:6      | Reached skill level 5 in Short Blades
  6494 | D:6      | Found a sparkling altar of Nemelex Xobeh.
  6980 | D:6      | Reached **** piety under Zin
  7049 | D:6      | Found a shadowy altar of Dithmenos.
  7376 | D:7      | Noticed Prince Ribbit
  7388 | D:7      | Killed Prince Ribbit
  7388 | D:7      | Reached XP level 10. HP: 39/56 MP: 15/15
  7432 | D:7      | Found a staircase to the Ecumenical Temple.
  7441 | Temple   | Entered the Ecumenical Temple
  7518 | D:7      | Found a bloodstained altar of Trog.
  7628 | D:7      | Found an iron altar of Okawaru.
  7903 | D:7      | Reached ***** piety under Zin
  8793 | D:8      | Found a runed door.
  8793 | D:8      | Noticed Curus's ghost (novice MiFi)
  9029 | D:9      | Got an encrusted war axe
  9255 | D:9      | Found Yficykiu's Antique Weapon Boutique.
  9474 | D:9      | Bought a brightly glowing short sword for 216 gold pieces
  9474 | D:9      | Identified the +4 short sword of Woisilef {freeze, rElec
                  | SInv} (You bought it in a shop on level 9 of the Dungeon)
  9559 | D:10     | Entered Level 10 of the Dungeon
 10003 | D:10     | Reached XP level 11. HP: 44/60 MP: 18/18
 10060 | D:10     | Donated 186 gold pieces to Zin
 10131 | D:10     | Found a staircase to the Lair.
 10153 | D:10     | Reached skill level 10 in Invocations
 10253 | D:10     | Reached skill level 10 in Short Blades
 10345 | D:10     | Reached skill level 10 in Crossbows
 10567 | D:11     | Noticed Josephine
 10626 | Lair:1   | Entered Level 1 of the Lair of Beasts
 10798 | Lair:1   | Noticed a four-headed hydra
 10829 | Lair:1   | Killed a four-headed hydra
 11103 | Lair:1   | Slain by a yak

Skill      XL: |  1  2  3  4  5  6  7  8  9 10 11 |
---------------+----------------------------------+-----
Crossbows      | 5 6 9 11 | 11.0
Fighting       | 3 |  3.3
Dodging        | 3 5 7 |  7.5
Armour         | 1 2 |  2.0
Invocations    | 1 2 3 4 5 7 9 10 | 10.5
Short Blades   | 1 2 3 4 8 9 11 | 11.0
Stealth        | 3 5 7 |  7.2

Action                   |  1- 3 |  4- 6 |  7- 9 | 10-12 || total
-------------------------+-------+-------+-------+-------++-------
Melee: Short sword       |   111 |   100 |   267 |   358 ||   836
 Fire: Hand crossbow     |     9 |    33 |   151 |   201 ||   394
Invok: Recite            |     1 |    11 |    20 |    17 ||    49
       Donate Gold       |     1 |       |       |     1 ||     2
       Vitalisation      |       |     1 |    10 |    15 ||    26
       Sanctuary         |       |       |       |     2 ||     2
  Use: Scroll            |       |     4 |     7 |     6 ||    17
       Potion            |       |     3 |     3 |     5 ||    11
 Stab: Sleeping          |     3 |     1 |     4 |     8 ||    16
       Confused          |       |     1 |     6 |     4 ||    11
       Distracted        |       |       |     1 |       ||     1
       Invisible         |       |       |       |     8 ||     8
       Paralysed         |       |       |       |     1 ||     1
  Eat: Chunk             |    10 |     6 |    13 |    10 ||    39
Armor: Leather armour    |    23 |    28 |    43 |    31 ||   125
Dodge: Dodged            |    92 |   100 |   273 |   280 ||   745
       Deflected         |       |       |       |     7 ||     7
